Map: 하드와이어 - 래더

Players

DPGCure (Cure) - Winner!

  • Race: Terran Terran

DPGDark (Dark)

  • Race: Zerg Zerg
  • League: Master

Event: DreamHack SC2 Masters Last Chance 2022

VOD

Have the link to the VOD?

Description

Time

  • Played on: Dec. 15, 2021, 6:55 a.m.
  • Length: 13:42

All games in this series

Show
View Real Time Build Order
Export as new Build Order

DPGCure Terran - Winner!

Build Orders: Reaper Expand, Hellion Banshee 

Get SALT Encoding   

  12  0:00  SCV  
  13  0:12  SCV  
  14  0:17  Supply Depot  
  14  0:24  SCV  
  15  0:38  SCV  
  15  0:40  Barracks  
  16  0:43  Refinery  
  16  0:50  SCV  
  17  1:03  SCV  
  18  1:15  SCV  
  19  1:27  Reaper, Orbital Command  
  20  1:37  Command Center  
  20  1:45  Supply Depot  
  20  1:53  SCV  
  21  1:58  Marine  
  22  2:05  SCV  
  22  2:07  Factory  
  23  2:12  Refinery  
  23  2:17  SCV  
  23  2:22  Barracks Reactor  
  24  2:29  SCV  
  25  2:41  SCV  
  26  2:50  Orbital Command  
  26  2:53  Starport, SCV  
  27  3:01  Hellion x2  
  27  3:05  SCV  
  32  3:07  Barracks Tech Lab  
  32  3:17  SCV x2  
  34  3:23  Hellion x2  
  34  3:24  Supply Depot  
  38  3:29  SCV x2  
  40  3:39  Cloaking Field, Banshee  
  40  3:40  Marine  
  44  3:41  SCV x2  
  44  3:47  Hellion x2  
  48  3:59  SCV x2  
  48  4:02  Barracks Tech Lab  
  47  4:06  Supply Depot  
  51  4:11  SCV x2  
  49  4:17  Supply Depot, Command Center  
  49  4:20  Marine  
  49  4:22  Banshee  
  53  4:26  SCV  
  53  4:28  SCV  
  53  4:29  Stimpack  
  55  4:38  SCV  
  56  4:40  SCV  
  56  4:42  Factory Reactor  
  56  4:43  Marine  
  58  4:45  Barracks x2  
  58  4:50  SCV  
  58  4:52  SCV  
  54  5:02  SCV  
  54  5:03  Engineering Bay  
  54  5:04  SCV, Engineering Bay  
  54  5:06  Refinery x2  
  54  5:07  Marine  
  55  5:14  SCV  
  55  5:16  SCV, Starport Reactor  
  57  5:26  SCV  
  54  5:28  SCV  
  54  5:32  Supply Depot  
  52  5:36  Marine x2  
  52  5:41  SCV x2  
  51  5:43  Marine x3  
  51  5:44  Terran Infantry Weapons Level 1, Terran Infantry Armor Level 1  
  51  5:45  Siege Tank  
  56  5:51  Orbital Command  
  56  5:53  SCV x2, Medivac  
  60  5:59  Medivac  
  60  6:04  Marine x4  
  64  6:05  SCV x2, Marine  
  69  6:14  Orbital Command  
  69  6:17  SCV x2  
  71  6:22  Siege Tank  
  74  6:27  Marine x5  
  74  6:28  Medivac  
  74  6:30  SCV x2  
  83  6:38  Combat Shield  
  83  6:40  Medivac  
  83  6:41  Supply Depot x2, SCV  
  83  6:42  SCV x2  
  83  6:46  Marine x4  
  83  6:47  Marine  
  93  6:59  Supply Depot  
  93  7:02  SCV x3  
  93  7:04  Supply Depot  
  93  7:08  Marine x5  
  98  7:14  SCV x3  
  102  7:26  Armory  
  102  7:31  Barracks  
  102  7:32  SCV x2  
  102  7:33  SCV, Barracks  
  105  7:38  Marine x4  
  105  7:39  Siege Tank  
  112  7:44  SCV x2  
  112  7:45  SCV  
  112  7:46  Missile Turret  
  112  7:47  Supply Depot  
  112  7:50  Marine  
  112  7:51  Missile Turret  
  116  7:55  Medivac, Marine x2  
  116  7:56  Marine  
  121  7:59  SCV x3  
  124  8:07  Marine  
  124  8:08  Marine  
  127  8:12  SCV  
  127  8:13  SCV x2, Marine x3  
  127  8:18  Barracks Reactor  
  127  8:19  Terran Infantry Weapons Level 2, Terran Infantry Armor Level 2  
  132  8:26  Refinery  
  132  8:27  Refinery  
  132  8:29  Supply Depot x2  
  132  8:30  Marine  
  133  8:35  Command Center  
  133  8:39  Supply Depot  
  133  8:48  Barracks x2  
  133  8:50  SCV x3, Marine x3  
  133  8:53  Barracks  
  133  8:54  Marine  
  133  8:55  Marine x3  
  144  8:59  Siege Tank  
  147  9:04  Terran Vehicle Weapons Level 1  
  147  9:06  Barracks Reactor  
  147  9:08  Marine x3  
  148  9:12  SCV x3, Marine x3  
  148  9:13  Supply Depot  
  148  9:14  Supply Depot  
  148  9:16  Supply Depot  
  154  9:18  Factory  
  154  9:27  Medivac  
  154  9:30  Sensor Tower  
  156  9:35  Medivac, Siege Tank  
  156  9:37  Marine x4  
  165  9:44  Barracks Tech Lab x2  
  165  9:45  Marauder, Marine x5  
  161  9:50  SCV x2  
  161  9:51  SCV  
  165  9:54  Marine  
  165  9:57  Medivac  
  168  10:05  Marauder x2, Barracks Tech Lab, Medivac, Marine x2  
  168  10:06  Factory Tech Lab  
  174  10:07  Siege Tank  
  174  10:12  Planetary Fortress  
  174  10:13  SCV x3  
  180  10:19  Marauder, Marine x2  
  184  10:26  Marauder  
  186  10:33  Concussive Shells  
  186  10:34  Marauder x2, Marine x4  
  194  10:41  Marauder  
  195  10:47  Siege Tank  
  195  10:48  Siege Tank  
  195  10:55  Medivac  
  196  11:02  Medivac  
  186  11:05  Marauder, Marine x4  
  186  11:06  Marauder x2  
  177  11:18  Marauder, Marine x4  
  177  11:19  Siege Tank  
  177  11:20  Siege Tank  
  177  11:23  Marine x2  
  177  11:25  Medivac  
  185  11:27  Marauder x3  
  191  11:37  Marine x3  
  196  11:40  Marauder  
  194  11:48  Marauder  
  194  11:50  Marauder, Marine x2  
  196  12:12  Command Center  
  196  12:13  Refinery  
  196  12:15  Refinery  
  184  12:54  Supply Depot x2  
  184  12:55  Marauder, SCV x2  
  184  12:56  Supply Depot, Marine x2  
  184  12:57  Marine  
  164  12:59  Marine x2  
  164  13:00  SCV  
  164  13:01  Marine x2  
  164  13:02  Marine  
  164  13:03  Marauder  
  158  13:16  Marine  
  158  13:17  Marine x3  
  158  13:18  Marauder x3, Marine x2  
  154  13:23  SCV  
  154  13:24  SCV x2  
  154  13:25  Supply Depot x2  
Show
View Real Time Build Order
Export as new Build Order

DPGDark Zerg 

Build Orders: Hatch First 

Get SALT Encoding   

  12  0:00  Drone  
  13  0:11  Overlord  
  13  0:16  Drone  
  14  0:30  Drone x2  
  16  0:46  Hatchery  
  15  0:52  Drone  
  15  0:56  Drone  
  17  0:59  Drone  
  18  1:11  Extractor  
  18  1:13  Spawning Pool  
  18  1:16  Drone  
  17  1:19  Drone  
  18  1:27  Drone  
  19  1:39  Drone  
  20  1:48  Drone  
  21  2:00  Queen x2  
  25  2:01  Zergling x4  
  27  2:10  Drone  
  27  2:11  Overlord  
  28  2:22  Hatchery  
  28  2:25  Drone  
  28  2:30  Drone  
  28  2:32  Drone x2  
  30  2:38  Queen  
  32  2:47  Overlord  
  32  2:49  Drone  
  33  2:54  Metabolic Boost  
  33  3:05  Spore Crawler  
  32  3:07  Drone x4  
  32  3:10  Drone x3  
  40  3:15  Drone  
  40  3:17  Queen  
  43  3:23  Overlord  
  43  3:34  Zergling x6  
  43  3:35  Queen  
  48  3:41  Zergling x2  
  49  3:52  Drone x2  
  49  3:53  Drone x6  
  49  3:54  Overlord  
  56  3:56  Overlord  
  56  4:01  Drone  
  54  4:03  Queen  
  54  4:07  Drone x2  
  58  4:14  Queen  
  60  4:17  Zergling x2  
  60  4:18  Zergling x6  
  64  4:26  Drone  
  64  4:28  Spore Crawler  
  64  4:30  Drone x2, Spore Crawler  
  65  4:32  Drone  
  65  4:34  Drone  
  67  4:39  Drone x3  
  67  4:40  Drone x3  
  67  4:45  Drone  
  74  4:47  Spore Crawler  
  74  4:49  Drone  
  74  4:52  Queen  
  74  4:59  Drone x4  
  72  5:00  Drone x2  
  73  5:08  Spore Crawler  
  73  5:10  Drone  
  73  5:11  Drone x2  
  74  5:19  Overlord  
  74  5:22  Overlord  
  72  5:29  Overlord  
  72  5:31  Overlord  
  72  5:32  Overlord x2  
  69  5:37  Zergling x12  
  74  5:42  Drone  
  74  5:43  Drone x2  
  74  5:44  Evolution Chamber  
  74  5:47  Evolution Chamber  
  74  5:48  Drone x2  
  74  5:49  Drone x3, Extractor  
  76  5:53  Drone x3  
  79  5:58  Drone  
  79  5:59  Drone  
  79  6:01  Hatchery  
  80  6:05  Hatchery  
  80  6:06  Drone x2  
  80  6:07  Extractor  
  80  6:09  Extractor  
  79  6:12  Drone  
  79  6:14  Zerg Ground Armor Level 1, Zerg Melee Weapons Level 1  
  79  6:16  Drone  
  79  6:17  Drone x3  
  84  6:20  Drone x3  
  83  6:34  Zergling x12, Spore Crawler  
  88  6:44  Zergling x6  
  87  6:48  Zergling x2  
  87  6:49  Zergling x12  
  87  6:50  Zergling x6  
  87  6:52  Lair  
  96  6:56  Zergling x4  
  98  7:02  Zergling x2  
  98  7:08  Zergling x4  
  100  7:13  Hatchery, Zergling x8  
  100  7:14  Baneling Nest  
  101  7:16  Overlord  
  101  7:18  Zergling x2  
  102  7:25  Zergling x4  
  102  7:27  Overlord x2  
  102  7:29  Overlord x2  
  104  7:32  Overlord  
  104  7:35  Hatchery  
  101  7:52  Zergling x22  
  101  7:54  Hatchery  
  101  7:55  Overseer  
  101  7:58  Zergling x12  
  117  7:59  Centrifugal Hooks  
  117  8:01  Drone  
  117  8:04  Drone  
  119  8:10  Zerg Ground Armor Level 2, Zerg Melee Weapons Level 2  
  119  8:13  Drone x2  
  119  8:16  Drone x2  
  119  8:18  Drone x2  
  125  8:22  Burrow  
  125  8:26  Drone  
  125  8:27  Drone x5  
  129  8:31  Baneling x6  
  129  8:32  Baneling  
  130  8:35  Overlord  
  130  8:36  Drone  
  131  8:44  Hatchery  
  131  8:45  Drone x2  
  131  8:48  Drone x2  
  134  8:55  Baneling x6  
  131  8:58  Drone x5  
  131  9:01  Drone  
  131  9:02  Drone  
  136  9:04  Drone  
  136  9:05  Drone, Spore Crawler  
  136  9:07  Drone  
  136  9:09  Drone x3  
  141  9:15  Zergling x12  
  146  9:22  Drone x6  
  146  9:29  Zergling x10  
  151  9:35  Overlord  
  147  9:40  Zergling x6  
  147  9:41  Zergling x2  
  147  9:43  Extractor  
  144  9:48  Overlord x2  
  144  9:52  Zergling x2  
  144  9:53  Zergling x2, Overlord  
  144  9:57  Zergling x16  
  151  10:01  Baneling x3  
  151  10:03  Zergling x8  
  155  10:10  Zergling x14, Spore Crawler  
  160  10:18  Drone x5  
  160  10:19  Spore Crawler  
  163  10:24  Baneling x5, Zergling x12  
  163  10:25  Zergling x2  
  170  10:29  Zergling x10  
  170  10:34  Zergling x8  
  179  10:43  Zergling x10  
  182  10:52  Zergling x10, Overlord  
  182  10:56  Baneling  
  183  10:57  Baneling x4  
  183  10:59  Overlord x2  
  180  11:06  Overlord x2  
  180  11:07  Overlord  
  180  11:09  Overlord  
  176  11:18  Zergling x20  
  147  11:19  Zergling x16  
  147  11:20  Zergling x4  
  152  11:25  Zergling x2  
  152  11:26  Zergling x6  
  152  11:30  Hatchery  
  152  11:32  Baneling x8  
  154  11:36  Zergling x2  
  154  11:37  Zergling x14  
  162  11:49  Hatchery, Zergling x12  
  158  11:54  Zergling x10  
  158  12:00  Baneling x10  
  161  12:03  Zergling x6  
  160  12:10  Zergling x2  
  160  12:11  Zergling x8  
  162  12:25  Zergling x2  
  162  12:27  Zergling x14  
  165  12:33  Zergling x18  
  165  12:55  Zergling x20  
  165  12:56  Zergling x2  
  172  13:00  Zergling x8  
  172  13:02  Zergling x2  
  163  13:08  Zergling x4  
  152  13:17  Zergling x4  
  152  13:19  Zergling x8  

Tags
 
Add a new tag
Caveats
  • Supply blocks, unpowered buildings, or Contaminate may cause inaccurate times.
  • Supply counts are checked every 10 seconds.